 Dungeon Crawl Stone Soup version 0.31.0-12-g77e489cdc1 (webtiles) character file.

Game seed: 2578680425880465060

1388 Gadfly the Trooper (level 8, -3/84 HPs)
             Began as an Oni Berserker on Feb 24, 2024.
             Was a Priest of Trog.
             Slain by a kobold brigand
             ... wielding a +0 short sword
              (8 damage)
             ... in a sewer.
             The game lasted 00:06:27 (4905 turns).

Gadfly the Trooper (Oni Berserker)                  Turns: 4905, Time: 00:06:28

Health: -3/84      AC:  5    Str: 26    XL:     8   Next: 67%
Magic:  17/17      EV: 10    Int:  8    God:    Trog [***...]
Gold:   227        SH:  0    Dex: 10    Spells: 7/7 levels left

rFire   + + .        a - +1 whip (elec)
rCold   x . .        (no shield)
rNeg    . . .        f - +2 robe {rF+}
rPois   .            (helmet restricted)
rElec   .            (no cloak)
rCorr   +            (gloves unavailable)
SInv    .            (boots unavailable)
Will    .....        i - amulet of faith
Stlth   +            d - ring of resist corrosion
HPRegen 0.34/turn    c - ring "Qaraw" {rF+ rC- MP+9 Str+4}
MPRegen 0.15/turn

%: faith
@: slowed, very slow
A: large, unfitting armour, horns 1, tough skin 1, double potion healing,
drunken brawling
a: Renounce Religion, Berserk, Trog's Hand


You were in a sewer.
You worshipped Trog.
Trog was most pleased with you.
You visited 1 branch of the dungeon, and saw 5 of its levels.
You also visited: Sewer.

You collected 227 gold pieces.

Inventory:

Hand Weapons
 a - a +1 whip of electrocution (weapon)
 b - a +2 whip of flaming
 k - a +0 flail
Armour
 f - a +2 robe of fire resistance (worn)
Jewellery
 c - the ring "Qaraw" (right hand) {rF+ rC- MP+9 Str+4}
   (You found it on level 2 of the Dungeon)

   [ring of magical power]

   Str+4:     It affects your strength (+4).
   rF+:       It protects you from fire.
   rC-:       It makes you vulnerable to cold.
   MP+9:      It affects your magic capacity (+9).
 d - a ring of resist corrosion (left hand)
 i - an amulet of faith (around neck)
Wands
 h - a wand of polymorph (6) (quivered)
Scrolls
 g - 2 scrolls of blinking
 o - a scroll of enchant weapon
Potions
 e - 2 potions of curing
 j - a potion of might {unknown}
 l - 2 potions of heal wounds
 m - a potion of mutation {unknown}
 n - a potion of haste {unknown}


   Skills:
 + Level 6.6 Fighting
 * Level 6.3 Maces & Flails
 * Level 4.7 Armour
 - Level 2.6 Dodging
 * Level 4.4 Evocations


You had 7 spell levels left.
You didn't know any spells.
Your spell library was empty.

Dungeon Overview and Level Annotations

Branches:
Dungeon (5/15)              Sewer (1/1)
 Temple: D:4-7

Altars:


Innate Abilities, Weirdness & Mutations

You are too large for most types of armour.
You have a pair of small horns on your head.
You have tough skin. (AC +1)
You gain doubled healing and magic from potions.
Whenever you drink a healing potion, you attack all around you.


Message History

You headbutt the kobold brigand, but do no damage.
The kobold brigand is heavily wounded.
A nearby plant withers and dies.
The kobold brigand closely misses you.
You hit the kobold brigand.
The kobold brigand is heavily wounded.
The kobold brigand closely misses you.
You closely miss the kobold brigand.
The kobold brigand is heavily wounded.
The kobold brigand hits you with a +0 short sword!
You hit the kobold brigand.
You headbutt the kobold brigand, but do no damage.
The kobold brigand is severely wounded.
The kobold brigand hits you with a +0 short sword.
* * * LOW HITPOINT WARNING * * *
You closely miss the kobold brigand.
The kobold brigand is severely wounded.
The kobold brigand hits you with a +0 short sword.
* * * LOW HITPOINT WARNING * * *
The kobold brigand hits you with a +0 short sword.
* * * LOW HITPOINT WARNING * * *
You hit the kobold brigand.
The kobold brigand is severely wounded.
The kobold brigand hits you but does no damage.
You hit the kobold brigand.
The kobold brigand is severely wounded.
The kobold brigand hits you with a +0 short sword!
* * * LOW HITPOINT WARNING * * *
You hit the kobold brigand.
Your headbutt misses the kobold brigand.
The kobold brigand is severely wounded.
The kobold brigand hits you with a +0 short sword.
* * * LOW HITPOINT WARNING * * *
You hit the kobold brigand.
The kobold brigand is almost dead.
The kobold brigand hits you with a +0 short sword.
* * * LOW HITPOINT WARNING * * *
You miss the kobold brigand.
The kobold brigand is almost dead.
The kobold brigand hits you with a +0 short sword!
You die...

###### ###### #?...#
#....# #..∩.# #.∩..#
#....# ###....#
....#~≈~#..))#
###K'##~~~##''##
#.@)~~~~≈~#~~..###
#..~~P#~≈~#~~~...#
#...~~#~≈~#~.~...##
#..~~P#~≈~#.......#
#.....#~≈~#P......#
#.....#~~~#~......#
##....#~≈~#P~P....#
##..~~#~≈~#~~~.....
###...~~#~≈~~~~~.....


You could see a kobold brigand.

Vanquished Creatures
  Sigmund (D:2)
  Eustachio (D:4)
  A basilisk (D:4)
  A black bear (D:3)
  An ogre (D:5)
  3 kobold brigands (Sewer)
  Blork the orc (D:4)
  3 scorpions
  2 jellies
  3 orc priests (D:4)
  An iguana (D:5)
  An orc wizard (D:3)
  3 adders
  A river rat (D:5)
  2 ufetubi (D:5)
  5 dart slugs
  2 ribbon worms (D:5)
  7 orcs
  8 endoplasms
  3 giant cockroaches
  6 hobgoblins
  6 quokkas
  3 ball pythons
  3 bats
  4 frilled lizards
  7 goblins
  11 kobolds
  7 rats
97 creatures vanquished.

Notes
Turn   | Place    | Note
-------+----------+-------------------------------------------
     0 | D:1      | Gadfly the Oni Berserker began the quest for the Orb.
     0 | D:1      | Reached XP level 1. HP: 24/24 MP: 1/1
   132 | D:1      | Reached XP level 2. HP: 30/32 MP: 2/2
   568 | D:1      | Reached XP level 3. HP: 30/39 MP: 3/3
   825 | D:2      | Reached skill level 1 in Armour
   870 | D:2      | Reached skill level 1 in Evocations
   872 | D:2      | Identified the ring "Qaraw" {rF+ rC- MP+9 Str+4}
  1442 | D:2      | Reached ** piety under Trog
  1449 | D:2      | Noticed Sigmund
  1457 | D:2      | Killed Sigmund
  1458 | D:2      | Reached XP level 4. HP: 28/49 MP: 4/4
  1458 | D:2      | Reached XP level 5. HP: 32/55 MP: 5/5
  1767 | D:3      | Reached XP level 6. HP: 39/65 MP: 6/6
  2044 | D:3      | Reached skill level 5 in Fighting
  2144 | D:3      | Noticed a black bear
  2150 | D:3      | Killed a black bear
  2590 | D:4      | Noticed Blork the orc
  2601 | D:4      | Killed Blork the orc
  2602 | D:4      | Reached XP level 7. HP: 24/72 MP: 7/7
  2768 | D:4      | Noticed Eustachio
  2797 | D:4      | Killed Eustachio
  2798 | D:4      | Reached skill level 5 in Maces & Flails
  3222 | D:4      | Noticed Pikel
  3224 | D:4      | Pikel changed into Pikel the basilisk
  3224 | D:4      | Noticed Pikel
  3264 | D:4      | Killed Pikel the basilisk
  3415 | D:4      | Reached XP level 8. HP: 22/83 MP: 8/8
  4112 | D:5      | Entered Level 5 of the Dungeon
  4379 | D:5      | Reached *** piety under Trog
  4420 | D:5      | Found a glowing drain.
  4424 | Sewer    | Entered a sewer
  4904 | Sewer    | HP: 4/84 [kobold brigand/+0 short sword (6)]
  4905 | Sewer    | Slain by a kobold brigand

Illustrated notes

Levels and vault maps discovered:
D:1:      minmay_arrival_split_and_join, layout_rooms
D:2:      layout_loops_ring, dk_noncrumbling_2, palyth_stone_intersect,
          uniq_sigmund
D:3:      layout_rooms, minmay_quadrilaterals
D:4:      layout_loops_ring, uniq_pikel, uniq_eustachio, uniq_blork_the_orc
D:5:      corexii_shack_village, layout_cave_pools, zin_statuary,
          gup_sewer_entry_spiral, kennysheep_generic_room_6
Sewer:    kennysheep_pipe_town

Skill      XL: |  1  2  3  4  5  6  7  8 |
---------------+-------------------------+-----
Armour         | 2 3 4 |  4.7
Evocations     | 2 3 4 |  4.4
Maces & Flails | 4 5 6 |  6.3
Fighting       | 5 6 |  6.6
Dodging        | |  2.6

Action                     |  1- 3 |  4- 6 |  7- 9 || total
---------------------------+-------+-------+-------++-------
  Melee: Mace              |    90 |    55 |    55 ||   200
         Headbutt          |    12 |    16 |    31 ||    59
         Whip              |       |       |   137 ||   137
         Punch             |       |       |     2 ||     2
 Invoke: Berserk           |       |       |     2 ||     2
  Evoke: Wand              |       |       |     2 ||     2
    Use: Scroll            |     4 |     5 |       ||     9
         Potion            |       |       |     2 ||     2
 Armour: Animal skin       |    74 |       |       ||    74
         Robe              |       |    28 |   171 ||   199
  Dodge: Dodged            |    44 |    36 |   107 ||   187
